 Dungeon Crawl Stone Soup version 0.31-a0-659-gc5a091b79a (webtiles) character file.

Game seed: 15691534895581385557

5811 Essalna the Fighter (level 10, -8/68 HPs)
             Began as a Gargoyle Conjurer on Aug 31, 2023.
             Was an Elder of Vehumet.
             Mangled by a komodo dragon (9 damage)
             ... on level 1 of the Lair of Beasts.
             The game lasted 00:22:11 (9737 turns).

Essalna the Fighter (Gargoyle Conjurer)             Turns: 9737, Time: 00:22:11

Health: -8/68      AC: 12    Str: 10    XL:     10   Next: 79%
Magic:  6/19       EV: 12    Int: 24    God:    Vehumet [****..]
Gold:   529        SH:  0    Dex:  8    Spells: 15/21 levels left

rFire   + . .        r - +2 hand axe (venom)
rCold   + + .        (no shield)
rNeg    + . .        G - +0 robe {rC+}
rPois   ∞            (no helmet)
rElec   +            c - +0 cloak
rCorr   .            F - +0 pair of gloves
SInv    .            (no boots)
Will    .....        (no amulet)
Stlth   ++           v - ring of protection from fire
HPRegen 0.31/turn    J - ring of protection from cold
MPRegen 0.16/turn

%: no passive effects
@: no status effects
A: sickness immunity, AC +7, negative energy resistance 1, electricity
resistance, torment resistance 1, petrification resistance
a: Renounce Religion


You were on level 1 of the Lair of Beasts.
You worshipped Vehumet.
Vehumet was greatly pleased with you.
You visited 2 branches of the dungeon, and saw 11 of its levels.
You also visited: Ossuary.

You collected 529 gold pieces.

Inventory:

Hand Weapons
 e - a +0 dagger
 q - a +1 dagger of venom
 r - a +2 hand axe of venom (weapon)
Missiles
 u - a curare-tipped dart
Armour
 a - a +1 robe
 c - a +0 cloak (worn)
 p - a +3 ring mail
 F - a +0 pair of gloves (worn)
 G - a +0 robe of cold resistance (worn)
Jewellery
 v - a ring of protection from fire (left hand)
 J - a ring of protection from cold (right hand)
 M - a ring of flight
Wands
 L - a wand of paralysis (6)
Scrolls
 f - 3 scrolls of fog {unknown}
 g - 3 scrolls of immolation {unknown}
 h - 3 scrolls of silence
 i - a scroll of teleportation {unknown}
 k - 3 scrolls of amnesia
 l - 2 scrolls of blinking {unknown}
 n - 9 scrolls of identify {unknown}
 o - 3 scrolls of poison {unknown}
 y - a scroll of torment {unknown}
 E - 4 scrolls of vulnerability {unknown}
 K - a scroll of fear {unknown}
Potions
 b - 2 potions of magic
 d - a potion of curing {unknown}
 j - 2 potions of resistance {unknown}
 m - 3 potions of cancellation {unknown}
 s - a potion of ambrosia {unknown}
 t - 2 potions of might {unknown}
 w - 4 potions of haste
 x - 2 potions of berserk rage {unknown}
 z - 2 potions of attraction {unknown}
 A - 2 potions of invisibility {unknown}
 B - 2 potions of enlightenment {unknown}
 C - 2 potions of heal wounds
 D - 4 potions of lignification
 H - a potion of mutation {unknown}
 I - a potion of brilliance {unknown}


   Skills:
 + Level 10.2 Fighting
 + Level 4.7 Armour
 + Level 4.0 Dodging
 - Level 2.1 Stealth
 - Level 6.0 Spellcasting
 - Level 10.0 Conjurations
 - Level 5.0 Earth Magic


You had 15 spell levels left.
You knew the following spells:

 Your Spells              Type           Power      Damage    Failure   Level
a - Magic Dart            Conj           100%       1d8       1%          1
b - Searing Ray           Conj           100%       2d8       1%          2
c - Stone Arrow           Conj/Erth      86%        3d12      1%          3

Your spell library contained the following spells:

 Spells                   Type           Power      Damage    Failure   Level
 Mephitic Cloud           Conj/Pois/Air  23%        N/A       1%          3
 Dazzling Flash           Conj/Hex       62%        N/A       1%          3
 Fulminant Prism          Conj/Hex       15%        3d11      2%          4
 Iskenderun's Mystic Bla  Conj/Tloc      31%        2d8       2%          4
 Poisonous Vapours        Pois/Air       14%        N/A       3%          2
 Passwall                 Tmut/Erth      15%        N/A       4%          2
 Apportation              Tloc           14%        N/A       8%          1
 Necrotise                Necr           28%        1d5       8%          1
 Sting                    Tmut/Pois      28%        1d4       8%          1
 Summon Small Mammal      Summ           28%        N/A       8%          1
 Ensorcelled Hibernation  Hex/Ice        14%        N/A       12%         2
 Olgreb's Toxic Radiance  Pois           7%         N/A       21%         4
 Call Canine Familiar     Summ           7%         N/A       24%         3
 Portal Projectile        Hex/Tloc       14%        N/A       24%         3
 Swiftness                Air            7%         N/A       24%         3
 Animate Armour           Summ/Erth      38%        N/A       28%         4
 Leda's Liquefaction      Hex/Erth       9%         N/A       28%         4
 Borgnjor's Vile Clutch   Necr/Erth      9%         N/A       61%         5
 Alistair's Intoxication  Tmut/Pois      4%         N/A       91%         5
 Eringya's Noxious Bog    Tmut/Pois      3%         4d6       94%         6
 Lehudib's Crystal Spear  Conj/Erth      21%        10d6      99%         8


Dungeon Overview and Level Annotations

Branches:
Dungeon (10/15)            Temple (0/1) D:7            Lair (1/5) D:9
Ossuary (visited)
    Orc: D:9-12

Altars:
Ashenzari
Cheibriados
Hepliaklqana
Makhleb
Qazlal
Ru
Uskayaw
Vehumet
The Shining One

Annotations:
D:9 1 runed translucent door, 1 transporter, Voker57's ghost, novice DsMo


Innate Abilities, Weirdness & Mutations

You are immune to sickness and miasma.
Your stone body is resilient. (AC +7)
You are immune to poison.
You resist negative energy. (rN+)
You are resistant to electric shocks. (rElec)
You are resistant to unholy torment.
You are immune to petrification.


Message History

The searing ray hits the komodo dragon but does no damage.
The komodo dragon is heavily wounded.
The searing ray misses the komodo dragon.
You finish channelling your searing ray.
The komodo dragon misses you.
You barely miss the komodo dragon.
The komodo dragon is heavily wounded.
The komodo dragon bites you!!
You are too injured to fight recklessly!
You are too injured to fight recklessly!
Casting: Searing Ray (safe; 1% risk of failure)
Confirm with . or Enter, or press ? or * to list all spells.
Aiming: Searing Ray (safe; 1% risk of failure)
Press: ? - help, Shift-Dir - straight line, f/p - komodo dragon
Aim: a komodo dragon (heavily wounded, 87% to hit)
The searing ray hits the komodo dragon.
The komodo dragon is heavily wounded. (Press . to maintain the ray.)
The komodo dragon bites you!!
The searing ray hits the komodo dragon!
The komodo dragon is severely wounded.
The komodo dragon bites you!
* * * LOW HITPOINT WARNING * * *
The searing ray hits the komodo dragon.
The komodo dragon is almost dead.
The komodo dragon bites you!!
* * * LOW HITPOINT WARNING * * *
The searing ray misses the komodo dragon.
You finish channelling your searing ray.
The komodo dragon closely misses you.
Casting: Searing Ray (safe; 1% risk of failure)
Confirm with . or Enter, or press ? or * to list all spells.
Aiming: Searing Ray (safe; 1% risk of failure)
Press: ? - help, Shift-Dir - straight line, f/p - komodo dragon
Aim: a komodo dragon (almost dead, 87% to hit)
The searing ray hits the komodo dragon.
The komodo dragon is almost dead. (Press . to maintain the ray.)
The komodo dragon bites you!
You die...

#.............
#.P#.#P.......
#P............
#.......#...#.
#.............
#.............
#.............
#.....@.......
#......l......
#.............
#.............
#.............
#.............
#.....##...#..
#...... ......


You could see a komodo dragon.

Vanquished Creatures
  Prince Ribbit (D:5)
  Grinder (D:4)
  4 yaks (D:9)
  2 wyverns (D:8)
  A wraith (D:9)
  2 steam dragons
  5 water moccasins
  Duvessa (D:4)
  4 ice beasts
  A sky beast (D:6)
  An orc warrior (D:6)
  5 black bears
  An ogre (D:5)
  A centaur (D:9)
  A kobold brigand (D:6)
  3 phantoms
  2 bullfrogs
  3 scorpions
  2 gnoll sergeants
  3 water moccasin zombies (Ossuary)
  9 wights
  Dowan (D:4)
  4 killer bees (D:5)
  The ghost of flt the Firebug, a weakling DgFE (D:3)
  A howler monkey (D:5)
  A hound (D:4)
  5 jellies
  A gnoll bouda (D:7)
  An orc priest (D:9)
  3 iguanas
  5 orc wizards
  2 mummies (Ossuary)
  16 gnolls
  9 adders
  A shadow imp (D:7)
  3 white imps
  An ufetubus (D:6)
  3 adder zombies (Ossuary)
  3 dart slugs
  22 orcs
  10 bats
  4 endoplasms
  4 giant cockroaches
  2 gnoll zombies (Ossuary)
  8 hobgoblins
  2 jackals (D:1)
  2 quokkas
  7 ball pythons
  3 frilled lizards
  6 goblins
  6 hobgoblin zombies (Ossuary)
  13 kobolds
  5 kobold zombies (Ossuary)
  5 orc zombies (Ossuary)
  7 rats
220 creatures vanquished.

Notes
Turn   | Place    | Note
-------+----------+-------------------------------------------
     0 | D:1      | Essalna the Gargoyle Conjurer began the quest for the Orb.
     0 | D:1      | Reached XP level 1. HP: 10/10 MP: 3/3
   155 | D:1      | Found a faded altar of an unknown god.
   235 | D:1      | Reached XP level 2. HP: 12/16 MP: 3/5
   400 | D:1      | Reached skill level 1 in Fighting
  1255 | D:2      | Reached XP level 3. HP: 20/20 MP: 3/6
  1260 | D:2      | Learned a level 2 spell: Searing Ray
  2045 | D:2      | Found a radiant altar of Vehumet.
  2070 | D:2      | Became a worshipper of Vehumet
  2266 | D:3      | Reached XP level 4. HP: 26/26 MP: 2/8
  2337 | D:3      | Reached skill level 5 in Conjurations
  2416 | D:3      | You fall into a shaft and drop 3 floors!
  2541 | D:6      | Reached XP level 5. HP: 31/31 MP: 1/9
  2668 | D:6      | Noticed an orc warrior
  2794 | D:7      | Noticed a phantom
  2801 | D:7      | Killed a phantom
  2918 | D:7      | Reached XP level 6. HP: 19/37 MP: 0/11
  3030 | D:7      | Reached * piety under Vehumet
  3030 | D:7      | Offered knowledge of Foxfire by Vehumet.
  3246 | D:6      | Reached XP level 7. HP: 36/43 MP: 4/13
  3728 | D:6      | Reached skill level 5 in Fighting
  3766 | D:6      | Reached skill level 5 in Spellcasting
  3766 | D:6      | Reached XP level 8. HP: 27/50 MP: 0/15
  3879 | D:5      | Entered Level 5 of the Dungeon
  4227 | D:4      | Noticed Duvessa
  4424 | D:4      | Noticed Grinder
  4434 | D:4      | Paralysed by Grinder for 5 turns
  4440 | D:4      | Killed Grinder
  4487 | D:4      | Reached XP level 9. HP: 57/57 MP: 11/18
  4503 | D:4      | Found a sand-covered staircase.
  4507 | Ossuary  | Entered an ossuary
  4720 | Ossuary  | Reached ** piety under Vehumet
  4720 | Ossuary  | Offered knowledge of Momentum Strike by Vehumet.
  5058 | D:4      | Noticed Dowan
  5064 | D:4      | Killed Duvessa
  5069 | D:4      | Killed Dowan
  5443 | D:3      | Found a runed translucent gate.
  5443 | D:3      | Found a runed translucent gate.
  5444 | D:3      | Found a runed translucent gate.
  5448 | D:3      | Noticed flt's ghost (weakling DgFE)
  5457 | D:3      | Learned a level 3 spell: Stone Arrow
  5460 | D:3      | Killed flt's ghost
  5519 | D:3      | Offered knowledge of Frozen Ramparts by Vehumet.
  5660 | D:3      | Found a glowing golden altar of the Shining One.
  5893 | D:4      | Reached skill level 1 in Earth Magic
  6158 | D:5      | Found a hide-covered altar of Uskayaw.
  6166 | D:5      | Found a burning altar of Makhleb.
  6171 | D:5      | Found a sacrificial altar of Ru.
  6182 | D:5      | Found a hazy altar of Hepliaklqana.
  6189 | D:5      | Found a broken altar of Ashenzari.
  6195 | D:5      | Found a snail-covered altar of Cheibriados.
  6202 | D:5      | Found a radiant altar of Vehumet.
  6451 | D:5      | Noticed Prince Ribbit
  6456 | D:5      | Killed Prince Ribbit
  6989 | D:7      | Reached *** piety under Vehumet
  7051 | D:7      | Found a staircase to the Ecumenical Temple.
  7360 | D:7      | Reached skill level 10 in Conjurations
  7498 | D:7      | Reached skill level 1 in Armour
  7498 | D:7      | Reached XP level 10. HP: 66/66 MP: 17/19
  7501 | D:7      | Offered knowledge of Mephitic Cloud by Vehumet.
  7750 | D:8      | Found a stormy altar of Qazlal.
  8659 | D:9      | Found a runed translucent door.
  8667 | D:9      | Noticed Voker57's ghost (novice DsMo)
  8669 | D:9      | Identified the +5 trident of Moderation {flame, rF- Int+4}
  8702 | D:9      | Reached skill level 5 in Earth Magic
  9169 | D:9      | Reached **** piety under Vehumet
  9271 | D:9      | Found a transporter.
  9274 | D:9      | Noticed a kobold demonologist
  9276 | D:9      | Noticed a kobold demonologist
  9280 | D:10     | Entered Level 10 of the Dungeon
  9283 | D:9      | Noticed a kobold demonologist
  9283 | D:9      | Noticed a kobold demonologist
  9295 | D:9      | Noticed a deep elf knight
  9359 | D:9      | Noticed a deep elf knight
  9405 | D:9      | Found a staircase to the Lair.
  9439 | D:9      | Reached skill level 10 in Fighting
  9555 | Lair:1   | Entered Level 1 of the Lair of Beasts
  9735 | Lair:1   | HP: 1/68 [komodo dragon (19)]
  9737 | Lair:1   | Mangled by a komodo dragon

Illustrated notes

Levels and vault maps discovered:
D:1:      dpeg_arrival_pits, layout_basic, ebering_ecumenical_altar_petrified
D:2:      layout_loops_ring, basic_altar
D:3:      layout_rooms, nicolae_tso_swordbearing_angel,
          ebering_ghost_rock_garden
D:4:      minmay_evil_eye, layout_basic, nicolae_ossuary_entry_plus,
          uniq_grinder, uniq_duvessa
D:5:      layout_rooms, grunt_temple_overflow_octagram, minmay_misc_feat_plants,
          kennysheep_generic_room_3, uniq_prince_ribbit1
D:6:      layout_loops_cross, grunt_ministairs_14
D:7:      layout_basic, minmay_temple_entry_steel_oval
D:8:      layout_loops_corners, grunt_qazlal_clouds
D:9:      gammafunk_wand_slinger, layout_basic, trog_wizard,
          due_lair_maze_entry_diamond, ebering_ghost_funeral_grove
D:10:     layout_big_octagon, enter_bailey_5, serial_shops,
          nicolae_shop_back_alley_shop, chequers_arboretum, nzn_random_ring,
          uniq_sonja
Lair:1:   layout_long_grid, infiniplex_staircase_pool_2, uniq_amaemon

Skill      XL: |  1  2  3  4  5  6  7  8  9 10 |
---------------+-------------------------------+-----
Fighting       | 1 2 3 4 5 7 9 10 | 10.2
Conjurations   | 5 6 7 8 10 | 10.0
Spellcasting   | 3 4 5 6 |  6.0
Earth Magic    | 4 5 |  5.0
Armour         | 1 4 |  4.7
Dodging        | 4 |  4.0
Stealth        | |  2.1

Action                     |  1- 3 |  4- 6 |  7- 9 | 10-12 || total
---------------------------+-------+-------+-------+-------++-------
  Melee: Unarmed           |     6 |       |       |       ||     6
         Dagger            |     7 |    19 |    40 |       ||    66
         Hand axe          |       |       |    32 |    44 ||    76
         Punch             |       |       |     1 |     1 ||     2
   Cast: Magic Dart        |    82 |    28 |   154 |    59 ||   323
         Searing Ray       |       |    11 |    37 |    25 ||    73
    Use: Scroll            |       |       |     4 |       ||     4
         Potion            |       |       |       |     2 ||     2
 Armour: Robe              |    11 |    21 |   113 |   105 ||   250
  Dodge: Dodged            |     9 |    18 |    84 |    68 ||   179

Table legend: (Time is in decaauts)
 A = Elapsed time spent in this place.
 B = Non-inter-level travel time spent in this place.
 C = Inter-level travel time spent in this place.
 D = Time resting spent in this place.
 E = Time spent auto-exploring this place.
 F = Levels seen in this place.
 G = Mean time per level.
                   A        B        C        D        E       F      G
               +--------+--------+--------+--------+--------+-----+--------+
         Total |   9738 |   9271 |    467 |    315 |   7564 |  12 |  811.5 |
       Dungeon |   9193 |   8726 |    467 |    156 |   7285 |  10 |  919.3 |
          Lair |    182 |    182 |      0 |    159 |      0 |   1 |  182.0 |
       Ossuary |    363 |    363 |      0 |      0 |    279 |   1 |  363.0 |
               +--------+--------+--------+--------+--------+-----+--------+

Top non-repeatable levels by time:
     D:7: 1338 daAuts
     D:6: 1286 daAuts
     D:1: 1096 daAuts
     D:2: 1028 daAuts
     D:8: 991 daAuts
     D:4: 942 daAuts
     D:5: 919 daAuts
     D:9: 890 daAuts
     D:3: 697 daAuts
 Ossuary: 363 daAuts
  Lair:1: 182 daAuts
    D:10: 1 daAuts
